 Dungeon Crawl Stone Soup version 0.24-a0-252-g5076262 (webtiles) character file.

Game seed: 12709959935650659134

17307 Borgoz the Slicer (level 12, 0/75 HPs)
             Began as a Gargoyle Gladiator on Apr 17, 2019.
             Was a Priest of Ashenzari.
             Slain by a wyvern simulacrum (14 damage)
             ... summoned by an orange crystal statue
             ... in a Gauntlet.
             The game lasted 00:28:11 (11856 turns).

Borgoz the Slicer (Gargoyle Gladiator)             Turns: 11856, Time: 00:28:12

Health: 0/75       AC:  6    Str: 23    XL:     12   Next: 46%
Magic:  0/15       EV: 19    Int: 10    God:    Ashenzari [***...]
Gold:   836        SH:  0    Dex: 19    Spells: 11/11 levels left

rFire    . . .     SeeInvis +   l - +1 dagger (elec)
rCold    . . .     Gourm    .   (no shield)
rNeg     + + .     Faith    .   J - +0 ring mail of the Soldier {rN+}
rPois    ∞         Spirit   +   c - +1 helmet
rElec    +         Reflect  .   s - +1 cloak
rCorr    .         Harm     .   y - +1 pair of gloves
MR       .....     NoTele   +   E - +1 pair of boots
Stlth    ++........             g - amulet of guardian spirit
HPRegen  0.22/turn              (no ring)
MPRegen  0.14/turn              w - ring of stealth

@: confused, mighty, corroded
A: agile 2, negative energy resistance 1, shaggy fur 1, electricity resistance,
unbreathing, petrification resistance, rot immunity, AC +8
a: Curse Item, Scrying, Renounce Religion


You were in a Gauntlet.
You worshipped Ashenzari.
Ashenzari was most pleased with you.
You were not hungry.

You visited 2 branches of the dungeon, and saw 14 of its levels.
You visited the Abyss 1 time.
You also visited: Gauntlet.

You collected 836 gold pieces.

Inventory:

Hand Weapons
 a - a +0 rapier
 l - a +1 dagger of electrocution (weapon)
Armour
 c - a +1 helmet (worn)
 r - the +1 leather armour "Gyukhlua" {rPois Regen+ Str-2 Stlth-}
   (You found it on level 12 of the Dungeon)

   It affects your strength (-2).
   It protects you from poison.
   It increases your rate of regeneration.
   It makes you less stealthy.
 s - a +1 cloak (worn)
 y - a +1 pair of gloves (worn)
 E - a +1 pair of boots (worn)
 J - the +0 ring mail of the Soldier (worn) {rN+}
   (You found it on level 10 of the Dungeon)

   It protects you from negative energy.
Jewellery
 b - an uncursed ring of flight
 g - an amulet of guardian spirit (around neck)
 k - an uncursed ring of see invisible
 u - the ring of the Solstice {rPois rF+ rC++ rN+ SInv}
   (You found it in a Gauntlet)

   [ring of protection from fire]

   It protects you from fire.
   It greatly protects you from cold.
   It protects you from poison.
   It protects you from negative energy.
   It lets you see invisible.
 w - a ring of stealth (right hand)
 M - an uncursed ring of ice
Wands
 n - a wand of flame (18)
 p - a wand of acid (5)
 t - a wand of clouds (4)
 x - a wand of digging (11)
 F - a wand of paralysis (8)
Scrolls
 e - 11 scrolls of remove curse
 i - 4 scrolls of identify
 j - 6 scrolls of teleportation
 m - 2 scrolls of enchant weapon
 o - a scroll of amnesia
 v - a scroll of enchant armour
Potions
 d - 2 potions of heal wounds
 h - 6 potions of curing
 q - 2 potions of brilliance
 C - 2 potions of flight
 G - 4 potions of haste
 H - a potion of lignification
Miscellaneous
 z - a sack of spiders
Comestibles
 f - 19 rations


   Skills:
 + Level 8.8 Fighting
 * Level 10.4 Short Blades
 - Level 1.7 Throwing
 + Level 8.4 Armour
 * Level 9.6 Dodging
 - Level 5.0 Stealth
 - Level 5.0 Evocations


You had 11 spell levels left.
You didn't know any spells.
Your spell library contained the following spells:

 Spells                   Type           Power        Failure   Level  Hunger
 Animate Skeleton         Necr           N/A          50%         1    ##.....
 Pain                     Necr           #...         50%         1    ##.....
 Regeneration             Chrm/Necr      #.........   86%         3    ####...
 Static Discharge         Conj/Air       #.......     86%         3    ####...
 Vampiric Draining        Necr           #.........   86%         3    ####...
 Animate Dead             Necr           N/A          99%         4    #####..
 Lightning Bolt           Conj/Air       #.........   100%        5    ######.
 Ignition                 Fire           #.........   100%        8    #######
 Shatter                  Erth           #.........   100%        9    #######
 Tornado                  Air            #.........   100%        9    #######


Dungeon Overview and Level Annotations

Branches:
Dungeon (13/15)            Temple (1/1) D:6            Lair (0/6) D:11
    Orc (0/2) D:10         Vaults (0/5) D:13

Altars:
Ashenzari
Cheibriados
Dithmenos
Elyvilon
Fedhas
Gozag
Hepliaklqana
Kikubaaqudgha
Makhleb
Nemelex Xobeh
Okawaru
Qazlal
Ru
Sif Muna
Trog
Uskayaw
Vehumet
Wu Jian
Xom
Yredelemnul
Zin
The Shining One

Shops:
D:6 =   D:10 ?

Annotations:
D:5 exclusion: oklob plant
D:10 3 runed translucent doors, Nr616's ghost, novice MiGl
D:13 Urug Gauntlet 13 transporters, exclusion: orange crystal statue


Innate Abilities, Weirdness & Mutations

You are resistant to torment.
Your stone body is resilient. (AC +8)
You are immune to poison.
You resist negative energy. (rN+)
You are resistant to electric shocks. (rElec)
You can survive without breathing.
You are immune to petrification.
You are immune to rotting.
You are very agile. (Dex +4)
You are covered in fur. (AC +1)


Message History

You hit the rust devil but do no damage.
The rust devil is heavily wounded.
The wyvern simulacrum completely misses you.
You hit the rust devil but do no damage.
The rust devil is heavily wounded.
The crimson imp blinks!
The rust devil completely misses you.
The orange crystal statue glitters.
You are confused.
You're too confused to move!
The wyvern simulacrum misses you. The rust devil hits you.
The rust devil corrodes you! The wyvern simulacrum bites you!
The wyvern simulacrum freezes you!
You hit the wyvern simulacrum but do no damage.
Lightning courses through the wyvern simulacrum!
The wyvern simulacrum is severely damaged.
You hit the rust devil but do no damage.
The rust devil is heavily wounded.
The wyvern simulacrum bites you!
* * * LOW HITPOINT WARNING * * *
The wyvern simulacrum freezes you!
You die...

#.#.........#.#.......
###.#.###...#.#.#.^##^##
#8#.#...###...#.#.##^..#
###.#.#...###.#.#.#.....
#.#.###©..#.#.#....©..
###.#...###...#.#.#.....
#8#.#.#...###.#.#.##^..#
###.#.###8..#.#.#.^##.##
#.#5Z@44.)..#.#t..)©}=
###.###########.########
#8#.....................
###≈....................
######################
#8# #8# #8# #8# #8# #
### ### ### ### ### #


You could see an orange crystal statue, a rust devil, a chaos spawn, a crimson
imp and a wyvern simulacrum.

Vanquished Creatures
  Harold (D:7)
  A centaur warrior (D:12)
  2 two-headed ogres
  A tengu warrior (D:13)
  A fire crab (Gauntlet)
  2 slime creatures (D:12)
  Pikel (D:7)
  An ugly thing (D:11)
  2 manticores (D:11)
  Psyche (D:11)
  A centaur skeleton (D:11)
  A troll (D:12)
  3 hippogriffs
  4 fire bats (Gauntlet)
  A ynoxinul (Gauntlet)
  A wyvern (D:11)
  9 yaks (D:9)
  2 hungry ghosts
  A steam dragon (D:8)
  Edmund (D:5)
  6 vampire mosquitoes
  Menkaure (D:5)
  3 acid dragons
  A water moccasin (D:10)
  A swamp drake (D:10)
  A sky beast (D:5)
  3 phantoms
  5 orc warriors
  An ice beast (D:9)
  3 slaves (D:7)
  A black bear (D:7)
  4 necrophages
  8 centaurs
  7 ogres
  2 crocodiles
  A big kobold (D:8)
  Blork the orc (D:6)
  5 bullfrogs
  2 wyvern zombies
  A wyvern skeleton (D:12)
  4 scorpions
  6 killer bees (D:9)
  4 howler monkeys
  3 crimson imps
  2 jellies
  4 centaur zombies
  3 iron imps (Gauntlet)
  A bullfrog skeleton (D:12)
  4 hounds
  9 orc priests
  9 orc wizards
  Crazy Yiuf (D:3)
  2 iguanas
  6 worker ants
  A hound zombie (D:7)
  2 hound skeletons
  A worker ant zombie (D:9)
  16 adders
  3 shadow imps
  An ooze (D:4)
  4 adder skeletons
  5 worms
  A dart slug (D:2)
  3 leopard geckos
  35 orcs
  2 ball pythons
  4 giant cockroaches
  15 goblins
  10 hobgoblins
  8 jackals
  9 quokkas
  10 bats
  3 frilled lizards
  15 kobolds
  A leopard gecko zombie (D:4)
  9 rats
310 creatures vanquished.

Vanquished Creatures (others)
  A slave (D:7)
  20 withered plants (Gauntlet)
21 creatures vanquished.

Grand Total: 331 creatures vanquished

Notes
Turn   | Place    | Note
-------+----------+-------------------------------------------
     0 | D:1      | Borgoz the Gargoyle Gladiator began the quest for the Orb.
     0 | D:1      | Reached XP level 1. HP: 12/12 MP: 1/1
   138 | D:1      | Reached XP level 2. HP: 17/17 MP: 2/2
   388 | D:1      | Reached skill level 1 in Stealth
   397 | D:1      | Reached skill level 3 in Short Blades
   729 | D:2      | Reached XP level 3. HP: 20/22 MP: 3/3
   753 | D:2      | Reached skill level 1 in Armour
   848 | D:2      | Reached XP level 4. HP: 13/27 MP: 1/4
  1203 | D:2      | Reached XP level 5. HP: 9/32 MP: 2/5
  1948 | D:3      | Reached XP level 6. HP: 33/37 MP: 4/6
  2008 | D:3      | Found an opulent altar of Gozag.
  2028 | D:3      | Found a runed translucent door.
  2029 | D:3      | Noticed Crazy Yiuf
  2039 | D:3      | Killed Crazy Yiuf
  2212 | D:4      | Reached skill level 4 in Short Blades
  2315 | D:4      | Noticed a phantom
  2383 | D:4      | Killed a phantom
  2635 | D:4      | Reached XP level 7. HP: 41/41 MP: 7/7
  2645 | D:4      | Noticed a hungry ghost
  2713 | D:4      | Killed a hungry ghost
  2970 | D:4      | Found a stormy altar of Qazlal.
  2971 | D:4      | Found an ornate altar of the Wu Jian Council.
  3111 | D:5      | Entered Level 5 of the Dungeon
  3279 | D:5      | Noticed Edmund
  3350 | D:5      | Reached skill level 5 in Short Blades
  3350 | D:5      | Reached XP level 8. HP: 48/48 MP: 8/8
  3475 | D:5      | Killed Edmund
  3531 | D:5      | Noticed Menkaure
  3545 | D:5      | Gained mutation: You are agile. (Dex +2) [potion of
                  | mutation]
  3545 | D:5      | Gained mutation: You are very agile. (Dex +4) [potion of
                  | mutation]
  3545 | D:5      | Gained mutation: You are covered in fur. (AC +1) [potion of
                  | mutation]
  3549 | D:5      | Killed Menkaure
  3549 | D:5      | Reached skill level 5 in Dodging
  3621 | D:5      | Found a blossoming altar of Fedhas.
  3631 | D:5      | Noticed an oklob plant
  3956 | D:6      | Found a staircase to the Ecumenical Temple.
  3978 | Temple   | Entered the Ecumenical Temple
  4030 | Temple   | Became a worshipper of Ashenzari the Shackled
  4092 | D:6      | Found a snail-covered altar of Cheibriados.
  4092 | D:6      | Noticed Blork the orc
  4116 | D:6      | Killed Blork the orc
  4292 | D:6      | Reached skill level 5 in Fighting
  4336 | D:6      | Found Foeghid's Jewellery Shop.
  4453 | D:6      | Reached skill level 6 in Short Blades
  4453 | D:6      | Reached XP level 9. HP: 31/54 MP: 5/9
  4689 | D:6      | Reached skill level 5 in Stealth
  5164 | D:7      | Reached skill level 1 in Evocations
  5167 | D:7      | Found a sacrificial altar of Ru.
  5223 | D:7      | Noticed Harold
  5259 | D:7      | Killed Harold
  5259 | D:7      | Reached skill level 7 in Short Blades
  5259 | D:7      | Reached skill level 5 in Armour
  5607 | D:7      | Reached XP level 10. HP: 56/60 MP: 11/11
  5618 | D:7      | Noticed Pikel
  5630 | D:7      | Killed Pikel
  6675 | D:8      | Found a basalt altar of Yredelemnul.
  6748 | D:8      | Reached * piety under Ashenzari
  6818 | D:9      | Found a white marble altar of Elyvilon.
  7014 | D:9      | Reached skill level 8 in Short Blades
  7286 | D:9      | Reached XP level 11. HP: 40/67 MP: 10/13
  7622 | D:10     | Entered Level 10 of the Dungeon
  7629 | D:10     | Found a runed translucent gate.
  7629 | D:10     | Found a runed translucent gate.
  7631 | D:10     | Found Vaosch's Magic Scroll Boutique.
  8071 | D:10     | Got the uncursed ring mail of the Soldier {rN+}
  8194 | D:10     | Identified the +0 ring mail of the Soldier {rN+} (You found
                  | it on level 10 of the Dungeon)
  8212 | D:10     | Found a staircase to the Orcish Mines.
  8444 | D:10     | Noticed Nr616's ghost (novice MiGl)
  8447 | D:10     | Found a runed translucent gate.
  8450 | D:10     | Reached ** piety under Ashenzari
  8636 | D:11     | Noticed a manticore
  8641 | D:11     | Killed a manticore
  8725 | D:11     | Reached skill level 9 in Short Blades
  9033 | D:11     | Noticed a red ugly thing
  9045 | D:11     | Killed a red ugly thing
  9110 | D:11     | Found a staircase to the Lair.
  9117 | D:11     | Noticed Psyche
  9124 | D:11     | Killed Psyche
  9287 | D:11     | Noticed a manticore
  9287 | D:11     | Noticed a two-headed ogre
  9297 | D:11     | Killed a manticore
  9317 | D:11     | Killed a two-headed ogre
  9546 | D:12     | Got the uncursed leather armour "Gyukhlua" {rPois Regen+
                  | Str-2 Stlth-}
  9843 | D:12     | Found an opulent altar of Gozag.
 10392 | D:12     | Reached skill level 5 in Evocations
 10392 | D:12     | Reached XP level 12. HP: 49/74 MP: 10/15
 10662 | D:12     | Noticed a two-headed ogre
 10679 | D:12     | Killed a two-headed ogre
 10679 | D:12     | Reached skill level 10 in Short Blades
 10858 | D:13     | Found a gate to the Vaults.
 10858 | D:13     | Noticed a death knight
 10858 | D:13     | Noticed Urug
 10858 | D:13     | Noticed a centaur warrior
 10858 | D:13     | Noticed a two-headed ogre
 10907 | D:13     | Noticed a tengu warrior
 10924 | D:13     | Noticed a centaur warrior
 11007 | D:12     | Killed a centaur warrior
 11021 | D:12     | Identified the +1 leather armour "Gyukhlua" {rPois Regen+
                  | Str-2 Stlth-} (You found it on level 12 of the Dungeon)
 11081 | D:13     | Killed a tengu warrior
 11085 | D:13     | Found a white marble altar of Elyvilon.
 11115 | D:13     | Found a gate leading to a gauntlet.
 11124 | Gauntlet | Entered a Gauntlet
 11124 | Gauntlet | Found a transporter.
 11134 | Gauntlet | Found a transporter.
 11149 | Gauntlet | Found a transporter.
 11154 | Gauntlet | Found a transporter.
 11164 | Gauntlet | Noticed a death yak
 11167 | Gauntlet | Noticed a death yak
 11168 | Gauntlet | Noticed a death yak
 11169 | Gauntlet | Found a transporter.
 11169 | Gauntlet | Noticed a death yak
 11188 | Gauntlet | Found a transporter.
 11191 | Gauntlet | Found the +0 Maxwell's etheric cage {RegenMP+ *Contam rElec
                  | MP+4}
 11197 | Gauntlet | Identified the cursed ring "Tatao" {EV-2 Str+7}
 11200 | Gauntlet | Found a transporter.
 11212 | Gauntlet | Found a transporter.
 11223 | Gauntlet | Identified the ring of the Commoners {rF+ MR+}
 11224 | Gauntlet | Found a transporter.
 11230 | Gauntlet | Found a transporter.
 11230 | Gauntlet | Found a transporter.
 11245 | Gauntlet | Found a transporter.
 11250 | Gauntlet | Identified the ring of the Solstice {rPois rF+ rC++ rN+
                  | SInv}
 11264 | Gauntlet | Found a transporter.
 11284 | Gauntlet | Found a transporter.
 11309 | Gauntlet | Found a transporter.
 11310 | Gauntlet | Reached *** piety under Ashenzari
 11329 | Gauntlet | Found a transporter.
 11407 | Gauntlet | Found a transporter.
 11659 | Gauntlet | Found a transporter.
 11790 | Gauntlet | Cast into level 2 of the Abyss (a wizard)
 11808 | Abyss:2  | Found a corrupted altar of Lugonu.
 11810 | Gauntlet | Escaped the Abyss
 11835 | Gauntlet | Paralysed by a chaos spawn for 7 turns
 11856 | Gauntlet | Slain by a wyvern simulacrum

Levels and vault maps discovered:
D:1:      minmay_arrival_stone_box, layout_basic
D:2:      layout_rooms, first_ration, chequers_garden,
          minmay_randomly_rotated_circles
D:3:      layout_rooms, nicolae_gozag_cash_rules_everything_around_me,
          uniq_crazy_yiuf_cottage
D:4:      layout_gridville, gammafunk_temple_overflow_pools
D:5:      layout_loops_ring, tgw_fedhas, uniq_edmund, uniq_menkaure
D:6:      layout_gridville, slow_altar_1, minmay_temple_entry_mist,
          serial_shops, shop, hangedman_decor_clover_reticule,
          uniq_blork_the_orc
D:7:      layout_basic, nicolae_ru_great_annihilating_truth, uniq_pikel,
          uniq_harold
D:8:      layout_basic, kennysheep_mini_moat
D:9:      layout_basic, nicolae_overflow_crystal_walls
D:10:     wander_river, layout_loops_ring, erik_orc_1,
          ebering_ghost_rock_garden, serial_shops, shop
D:11:     layout_irregular_city, lair_entry_dummy, uniq_psyche
D:12:     layout_loops_corners, basic_altar
D:13:     layout_small_grid, david_vaults_3, gauntlet_entry_generic, basic_altar
Temple:   compressed_dpeg_circular_temple
Abyss:2:  minivault_25_ag, evilmike_abyss_exit_vortex
Gauntlet: gammafunk_gauntlet_one_two_three [gammafunk_gauntlet_arena_corners,
          gammafunk_gauntlet_arena_teeth, gammafunk_gauntlet_arena_hedges,
          nicolae_gauntlet_arena_grate_2,
          gammafunk_gauntlet_arena_split_diamond,
          nicolae_gauntlet_arena_flowing_pool,
          gammafunk_gauntlet_arena_arrow_garden, nicolae_gauntlet_arena_blocks,
          gammafunk_gauntlet_arena_spirals, gauntlet_exit_hidden_loot]

Skill      XL: |  1  2  3  4  5  6  7  8  9 10 11 12 |
---------------+-------------------------------------+-----
Stealth        | 1 2 3 4 5 |  5.0
Short Blades   | 3 4 5 6 7 8 9 10 | 10.4
Armour         | 1 2 3 4 5 6 7 8 |  8.4
Dodging        | 3 4 5 6 7 9 |  9.6
Fighting       | 3 4 5 6 7 8 |  8.8
Evocations     | 2 3 5 |  5.0
Throwing       | |  1.7

Action                   |  1- 3 |  4- 6 |  7- 9 | 10-12 || total
-------------------------+-------+-------+-------+-------++-------
Melee: Rapier            |   101 |   236 |   212 |       ||   549
       Dagger            |       |       |   118 |  1021 ||  1139
Throw: Throwing net      |       |     3 |     1 |     4 ||     8
Evoke: Wand              |       |       |     1 |    11 ||    12
  Use: Potion            |       |       |     5 |     2 ||     7
       Scroll            |       |       |     2 |    14 ||    16
 Stab: Held in net/web   |       |     2 |       |     4 ||     6
       Sleeping          |       |     2 |    18 |    22 ||    42
       Distracted        |       |       |     1 |     1 ||     2
       Paralysed         |       |       |     1 |     3 ||     4
       Confused          |       |       |       |     3 ||     3
  Eat: Chunk             |       |     6 |    10 |    19 ||    35
       Ration            |       |       |     3 |     1 ||     4
Armor: Leather armour    |    46 |    91 |    83 |   100 ||   320
       Ring mail         |       |       |       |   164 ||   164
Dodge: Dodged            |    87 |   180 |   162 |   609 ||  1038

Table legend:
 A = Non-vault XP
 B = Vault XP
 C = Vault XP percentage of total XP
 D = Non-vault monster count
 E = Vault monster count
 F = Vault count percentage of total count
                 A         B        C        D         E       F
            +---------+---------+-------+---------+---------+-------
      Total |   19490 |    5235 |  21.2 |     263 |      44 |  14.3
            +---------+---------+-------+---------+---------+-------
        D:1 |      33 |       0 |   0.0 |      21 |       0 |   0.0
        D:2 |     100 |      59 |  37.1 |      33 |       6 |  15.4
        D:3 |     135 |      39 |  22.4 |      19 |       1 |   5.0
        D:4 |     579 |       0 |   0.0 |      15 |       0 |   0.0
        D:5 |     465 |     353 |  43.2 |       9 |       2 |  18.2
        D:6 |     918 |     101 |   9.9 |      21 |       2 |   8.7
        D:7 |    1167 |    1733 |  59.8 |      22 |       6 |  21.4
        D:8 |    1100 |       0 |   0.0 |      29 |       0 |   0.0
        D:9 |    3126 |       0 |   0.0 |      32 |       0 |   0.0
       D:10 |     446 |     590 |  56.9 |       7 |      17 |  70.8
       D:11 |    4545 |     454 |   9.1 |      20 |       1 |   4.8
       D:12 |    5500 |       0 |   0.0 |      31 |       0 |   0.0
       D:13 |    1376 |       0 |   0.0 |       4 |       0 |   0.0
   Gauntlet |       0 |    1906 | 100.0 |       0 |       9 | 100.0
            +---------+---------+-------+---------+---------+-------
